 Dungeon Crawl Stone Soup version 0.24.0-13-gcf9b3192b9 (webtiles) character file.

Game seed: 2277829739571846601, levelgen mode: deterministic

18 Dwingvatt99 the Sneak (level 2, 0/13 HPs)
             Began as a Spriggan Venom Mage on Nov 7, 2019.
             Slain by an ooze (3 damage)
             ... on level 1 of the Dungeon.
             The game lasted 00:02:53 (928 turns).

Dwingvatt99 the Sneak (Spriggan Venom Mage)          Turns: 928, Time: 00:02:53

Health: 0/13       AC:  2    Str:  4    XL:     2   Next: 48%
Magic:  0/6        EV: 18    Int: 16    God:
Gold:   19         SH:  0    Dex: 16    Spells: 5/6 levels left

rFire    . . .     SeeInvis +   a - -3 dagger (curse)
rCold    . . .     Gourm    .   (shield restricted)
rNeg     . . .     Faith    .   g - +0 robe
rPois    .         Spirit   .   (helmet restricted)
rElec    .         Reflect  .   (no cloak)
rCorr    .         Harm     .   (gloves unavailable)
MR       .....                  (boots unavailable)
Stlth    ++........             (no amulet)
HPRegen  0.04/turn              (no ring)
MPRegen  0.10/turn              (no ring)

@: very slightly contaminated, very quick
A: very small, unfitting armour, see invisible, herbivore, speed 3, slow
metabolism 2
a: no special abilities


You were on level 1 of the Dungeon.
You were not hungry.

You visited 1 branch of the dungeon, and saw 1 of its levels.

You collected 19 gold pieces.

Inventory:

Hand Weapons
 a - a cursed -3 dagger (weapon)
   (You found it on level 1 of the Dungeon)
Missiles
 f - 11 poisoned darts (quivered)
Armour
 g - a +0 robe (worn)
Scrolls
 b - a scroll of magic mapping {unknown}
 c - a scroll of amnesia {unknown}
 d - a scroll of enchant weapon {unknown}
Potions
 h - a potion of curing {unknown}
Comestibles
 e - 2 rations {!d!d}


   Skills:
 + Level 0.2 Fighting
 + Level 0.3 Short Blades
 + Level 0.6 Throwing
 + Level 3.2 Dodging
 + Level 3.3 Stealth
 + Level 2.8 Spellcasting
 + Level 0.9 Conjurations
 + Level 3.1 Poison Magic


You had 5 spell levels left.
You knew the following spells:

 Your Spells              Type           Power        Failure   Level  Hunger
a - Sting                 Conj/Pois      #...         9%          1    #......

Your spell library contained the following spells:

 Spells                   Type           Power        Failure   Level  Hunger
 Poisonous Vapours        Pois/Air       #.....       16%         2    ##.....
 Mephitic Cloud           Conj/Pois/Air  #.......     32%         3    ###....
 Olgreb's Toxic Radiance  Pois           ##......     45%         4    #####..
 Venom Bolt               Conj/Pois      #.........   92%         5    ######.


Dungeon Overview and Level Annotations

Branches:
Dungeon (1/15)

Altars:


Innate Abilities, Weirdness & Mutations

You are very small and have problems with some larger weapons.
You are too small for most types of armour.
You have supernaturally acute eyesight. (SInv)
You are a herbivore.
You cover ground extremely quickly.
You need to consume almost no food.


Message History

Found a sapphire potion.
A rat comes into view.
A kobold comes into view.
Found a stone staircase leading down.
Aim: a rat The sting hits the rat.
The rat is poisoned.
You kill the rat!
You can't see any susceptible monsters within range! (Use Z to cast anyway.)
The kobold is too close now for your liking.
Aim: a kobold (resting)
The sting hits the kobold.
The kobold is poisoned.
The kobold shouts!
The kobold throws a stone.
The stone hits you but does no damage.
Aim: a kobold (severely wounded, poisoned)
The sting hits the kobold.
The kobold looks even sicker.
You kill the kobold!
Found a ration.
h - a sapphire potion
e - 2 rations {!d!d} (gained 1)
A kobold comes into view. It is wielding a +0 short sword.
The kobold shouts!
The kobold throws a stone.
The stone closely misses you.
Found a stone staircase leading down.
Aim: a kobold, wielding a +0 short sword The sting hits the kobold.
The kobold is poisoned.
You kill the kobold!
You can't see any susceptible monsters within range! (Use Z to cast anyway.)
An ooze comes into view.
Aim: an ooze The sting hits the ooze.
The ooze completely resists.
Aim: an ooze You miscast Sting.
You are very lightly contaminated with residual magic.
You feel mildly nauseous.
Aim: an ooze The sting hits the ooze.
You hit the ooze. The ooze misses you.
You hit the ooze. The ooze closely misses you.
You hit the ooze but do no damage. The ooze closely misses you.
You hit the ooze but do no damage. The ooze hits you.
You hit the ooze but do no damage. The ooze hits you.
* * * LOW HITPOINT WARNING * * *
You hit the ooze but do no damage. The ooze barely misses you.
You hit the ooze but do no damage. The ooze hits you.
* * * LOW HITPOINT WARNING * * *
Aim: an ooze (moderately wounded)
The sting hits the ooze.
The ooze completely resists.
The ooze misses you.
You hit the ooze but do no damage. The ooze barely misses you.
You hit the ooze but do no damage. The ooze hits you.
You die...

#####..##................##.#
#..#####.............##.#
#####..#####.....(...........
.....................#...#
#####..#####.......>.....#
#..#######..##.#.....#
...................... #
#.....>......#.###.###
..########..@J........ ...
.........#)....### .#
####....######.# # ##.#.# #
#.#.. #.#.# # #.# #.#


You could see an ooze.

Vanquished Creatures
  A dart slug (D:1)
  2 leopard geckos (D:1)
  4 bats (D:1)
  A hobgoblin (D:1)
  2 frilled lizards (D:1)
  5 kobolds (D:1)
  A rat (D:1)
16 creatures vanquished.

Notes
Turn   | Place    | Note
-------+----------+-------------------------------------------
     0 | D:1      | Dwingvatt99 the Spriggan Venom Mage began the quest for the
                  | Orb.
     0 | D:1      | Reached XP level 1. HP: 9/9 MP: 5/5
   424 | D:1      | Reached XP level 2. HP: 13/13 MP: 4/6
   928 | D:1      | Slain by an ooze

Levels and vault maps discovered:
D:1:      dpeg_arrival_round_b, layout_basic, kennysheep_nondescript

Action                   || total
-------------------------++-------
Melee: Unarmed           ||    17
       Dagger            ||    14
 Cast: Sting             ||    36
Armor: Robe              ||     2
Dodge: Dodged            ||    30
